 Dungeon Crawl Stone Soup version 0.24-a0-102-g7635c99 (console) character file.

Game seed: 2181447455374460863

5 Duffy the Caller (level 1, -1/15 HPs)
             Began as a Naga Summoner on Feb 12, 2019.
             Slain by a jackal (2 damage)
             ... on level 1 of the Dungeon.
             The game lasted 00:00:22 (238 turns).

Duffy the Caller (Naga Summoner)                     Turns: 238, Time: 00:00:22

Health: -1/15      AC:  3    Str: 10    XL:     1   Next: 80%
Magic:  0/3        EV: 10    Int: 15    God:
Gold:   0          SH:  0    Dex: 11    Spells: 3/4 levels left

rFire    . . .     SeeInvis +   b - +0 spear
rCold    . . .     Gourm    .   (no shield)
rNeg     . . .     Faith    .   a - +0 robe
rPois    +         Spirit   .   e - +2 hat
rElec    .         Reflect  .   (no cloak)
rCorr    .         Harm     .   (no gloves)
MR       .....                  (no barding)
Stlth    ++........             (no amulet)
HPRegen  0.05/turn              (no ring)
MPRegen  0.08/turn              (no ring)

@: very slightly contaminated, very slow
A: large, see invisible, deformed body, poison resistance, slowness 2, slow
metabolism 1, spit poison 1, AC +0
a: Spit Poison


You were on level 1 of the Dungeon.
You were not hungry.

You visited 1 branch of the dungeon, and saw 1 of its levels.

Inventory:

Hand Weapons
 b - a +0 spear (weapon)
Armour
 a - a +0 robe (worn)
 e - a +2 hat (worn)
Scrolls
 f - 2 scrolls of remove curse {unknown}
Potions
 g - a potion of agility {unknown}
Comestibles
 c - a ration
 d - 3 chunks of flesh


   Skills:
 - Level 1.5 Dodging
 - Level 3.0 Stealth
 + Level 2.2 Spellcasting
 + Level 4.1 Summonings


You had 3 spell levels left.
You knew the following spells:

 Your Spells              Type           Power        Failure   Level  Hunger
h - Summon Small Mammal   Summ           ##..         4%          1    #......

Your spell library contained the following spells:

 Spells                   Type           Power        Failure   Level  Hunger
 Call Imp                 Summ           ##......     6%          2    ###....
 Call Canine Familiar     Summ           ##......     12%         3    ###....
 Summon Guardian Golem    Hex/Summ       #.......     28%         3    ###....
 Summon Ice Beast         Ice/Summ       #.......     67%         4    #####..
 Summon Lightning Spire   Summ/Air       #.......     67%         4    #####..


Dungeon Overview and Level Annotations

Branches:
Dungeon (1/15)

Altars:


Innate Abilities, Weirdness & Mutations

You cannot wear boots.
Your serpentine skin is tough. (AC +0)
You have supernaturally acute eyesight. (SInv)
Armour fits poorly on your strangely shaped body.
Your system is resistant to poisons. (rPois)
You cover ground very slowly.
You have a slow metabolism.
You can spit poison.


Message History

Your quokka barely misses the jackal.
The jackal closely misses your quokka.
Your rat misses the jackal. The bat closely misses you. The jackal bites you.
You are too injured to fight recklessly!
You are too injured to fight recklessly!
The bat hits you but does no damage. The bat barely misses you. x2
The jackal bites your quokka.
Your quokka dies!
Your quokka's corpse disappears in a puff of smoke!
The jackal bites you but does no damage.
Your rat closely misses the jackal.
The bat hits your rat.
You see here 7 gold pieces.
The jackal bites you. The bat closely misses you. The bat barely misses you.
A goblin comes into view. It is wielding a +2 dagger of venom.
Your rat barely misses the jackal.
The jackal bites you but does no damage.
The jackal barely misses you. The bat hits you.
Your rat misses the jackal.
There is a stone staircase leading down here.
The bat hits you but does no damage. The bat barely misses you. x2
The jackal bites you. x2
You die...

...[.....### ......[..#
###...... .........#
##......... ...).....#
##.......... .........#
#...........
.........######...........
..........##..............
#.........##......b......$
#####.##.)......b@........
...........#.....hh)......
#####............hr.......
#~~~##..........#....g....
~~P~~##........######....#
~~.~~~##.......# ....#
P.8.P~~#.......# ...#
.....~~#....>..# ..#
......~#.....#.. .##


You could see 3 jackals, a goblin, 2 bats and a friendly rat.

Vanquished Creatures
  A goblin (D:1)
  A hobgoblin (D:1)
  A kobold (D:1)
  A rat (D:1)
4 creatures vanquished.

Vanquished Creatures (collateral kills)
  A hobgoblin (D:1)
1 creature vanquished.

Grand Total: 5 creatures vanquished

Notes
Turn   | Place    | Note
-------+----------+-------------------------------------------
     0 | D:1      | Duffy the Naga Summoner began the quest for the Orb.
     0 | D:1      | Reached XP level 1. HP: 15/15 MP: 3/3
   238 | D:1      | Slain by a jackal

Levels and vault maps discovered:
D:1:      lightli_arrival_statuegarden, layout_rooms, grunt_decor_arrowhead,
          minmay_misc_feat_iff, due_unseen_surprise

Action                   || total
-------------------------++-------
Melee: Spear             ||    12
 Cast: Summon Small Mamm ||     5
 Abil: Spit Poison       ||     1
Armor: Robe              ||     8
Dodge: Dodged            ||    16

Table legend:
 A = Non-vault XP
 B = Vault XP
 C = Vault XP percentage of total XP
 D = Non-vault monster count
 E = Vault monster count
 F = Vault count percentage of total count
                 A         B        C        D         E       F
            +---------+---------+-------+---------+---------+-------
      Total |       8 |       0 |   0.0 |       5 |       0 |   0.0
            +---------+---------+-------+---------+---------+-------
        D:1 |       8 |       0 |   0.0 |       5 |       0 |   0.0
            +---------+---------+-------+---------+---------+-------
